AoeStats
← Kanata

Arena

510260906Analyzed
1v1 RM · 1d ago on Sep 30, 2026· 38m 30s· 2 players
Game mode
Random Map
Map size
Tiny (2 player)
Population
200
Speed
Normal
Resources
Standard
Victory
Conquest
Starting age
Dark Age
Ending age
Imperial Age
RankedLock teamsTeams togetherTeam positionsShared explorationLock speedFull tech treeHidden civsTurbo modeCheats
Victory
Defeat
🇨🇳 Bohemians · China
469
+15
🇲🇽 Bohemians · Mexico
448
-15
Rosco_Bosco
6:22 Loom
10:40 Feudal Age
11:23 Horse Collar
11:34 Double-Bit Axe
19:39 Castle Age
18:26 Fletching
19:44 Padded Archer Armor
20:39 Bodkin Arrow
21:06 Heavy Plow
21:25 Bow Saw
26:08 Town Watch
29:52 Imperial Age
30:03 Chemistry
29:03 Murder Holes
28:53 Crossbowman
30:21 Masonry
32:22 Elite Skirmisher
33:37 Husbandry
32:58 Light Cavalry
33:57 Siege Engineers
37:23 Architecture
Kanata
4:24 Loom
11:56 Feudal Age
12:20 Horse Collar
12:43 Double-Bit Axe
18:00 Castle Age
16:46 Scale Mail Armor
16:58 Forging
16:47 Man-at-Arms
19:17 Wheelbarrow
18:16 Long Swordsman
19:22 Heavy Plow
21:33 Bow Saw
23:42 Hand Cart
23:59 Chain Mail Armor
31:32 Imperial Age
31:10 Chemistry
30:32 Ballistics
30:10 Murder Holes
30:52 Fletching
33:37 Hussite Reforms
34:13 Houfnice
35:02 Elite Hussite Wagon
36:14 Redemption
37:04 Fervor
37:12 Block Printing
Connection lost

Rejoining the realm…

Still unreachable

The connection could not be restored.

Session expired

The server has moved on; the page needs a fresh start.